Unix NetHack Version 3.7.0-62 Work-in-progress - last build Jul 28 2022 03:08:29 (fa1900a510e1234d4e439e3ee6f0a2b6b261bf5e,branch:master). Game began 2022-07-28 10:59:31, ended 2022-07-29 01:25:03. finitelycraig, lawful female dwarven Valkyrie ---+--------- |.. |............ |@. |...........| |'. |...<.......| -|- . |...........| ###### --.---------- ###### ## # -----.------## --|-|-+----- # |..........|#######|..........| # |..........|# #|..........| # |..^..^....|# #|..........| # |..^.....^^-# #|..........-### # ------------ #-..........| ## ----.----- ------------ ######.........| |........| ---------- Finitelycraig the Woman-at-arms St:18/06 Dx:14 Co:18 In:11 Wi:11 Ch:8 Lawful Dlvl:22 $:0 HP:0(99) Pw:13(13) AC:-2 Xp:10/7935 T:15093 Burdened Hallu Latest messages: You were wearing an uncursed blindfold. You can see again. You find a hidden door. You see here a food ration. U - a food ration. That door is closed. W - a scroll labeled ZLORFIK. What do you want to use or apply? [bektwOP or ?*] You put 136 gold pieces into the bag of holding. You put a scroll labeled ZLORFIK into the bag of holding. That door is closed. You find a hidden door. The door opens. It explodes! You are caught in a blast of kaleidoscopic light! You are freaked out. KAABLAMM!!! You triggered a land mine! Your movements are slowed slightly because of your load. You escape a roach motel (tm). KAABLAMM!!! You triggered a land mine! You fall into a pit! You are still in a pit. You are still in a pit. You are still in a pit. You are still in a pit. You crawl to the edge of the whirlpool. KAABLAMM!!! You triggered a land mine! You fall into a pit! You've fallen, and you can't get up. You find a land mine. You are still in a pit. You are still in a pit. You crawl to the edge of the black hole. You find a bottomless pit. There is an altar to Odin (neutral) here. You stop searching. You stop searching. The elf zombie hits! The white unicorn hits! You hit the master mind flayer! You hit the coyote! The Woodland-elf hits! The aligned parasite hits! The violet fungus hits! The wiki hits! # Are you sure you want to pray? [yn] (n) You begin praying to Odin. The mastodon hits! You die... Major events: Turn 1: finitelycraig the lawful dwarven Valkyrie entered the dungeon 1312: entered the Gnomish Mines 1465: attained the rank of Skirmisher (level 3) 2042: reached Mine Town 2888: attained the rank of Fighter (level 6) 6988: entered Sokoban 7765: completed sokoban 2 8151: completed sokoban 3 8946: completed sokoban 4 10777: has been given Excalibur, and now enjoys supreme executive power 11716: acquired the Sokoban amulet of reflection 13274: attained the rank of Woman-at-arms (level 10) 15093: killed by a hallucinogen-distorted baluchitherium, while praying Inventory: Amulets ('"') A - an uncursed amulet of reflection (being worn) Weapons (')') S - an uncursed +1 dwarvish spear a - the blessed rustproof +2 Excalibur (weapon in hand) Armor ('[') j - an uncursed +0 orcish helm Z - an uncursed +0 pair of leather gloves (being worn) E - an uncursed +0 pair of iron shoes (being worn) c - an uncursed +3 small shield (being worn) L - a blessed +0 dwarvish cloak (being worn) D - an uncursed +0 elven mithril-coat (being worn) Comestibles ('%') U - an uncursed food ration K - an uncursed lizard corpse Tools ('(') b - a blessed bag of holding containing 84 items t - an uncursed blindfold w - an uncursed magic whistle e - an uncursed oil lamp k - an uncursed skeleton key P - an uncursed stethoscope O - an uncursed towel Gems/Stones ('*') V - an uncursed worthless piece of black glass s - 3 uncursed worthless pieces of green glass m - an uncursed worthless piece of white glass Contents of the bag of holding: 13127 gold pieces an uncursed amulet of unchanging an uncursed amulet versus poison an uncursed cheap plastic imitation of the Amulet of Yendor an uncursed +0 pair of elven boots a cursed -2 pair of levitation boots a blessed +0 dwarvish cloak an uncursed +1 Hawaiian shirt with a parrot motif an uncursed haggis an uncursed apple an uncursed carrot an uncursed cram ration 2 uncursed cream pies 10 uncursed food rations 3 uncursed fortune cookies 3 uncursed tripe rations an uncursed tin of large cat meat 3 uncursed eggs an uncursed lichen corpse a blessed scroll of blank paper 7 uncursed scrolls of blank paper 4 cursed scrolls of blank paper an uncursed scroll of charging a cursed scroll of charging a cursed scroll of confuse monster an uncursed scroll of create monster a cursed scroll of destroy armor 2 uncursed scrolls of earth an uncursed scroll of enchant armor an uncursed scroll of food detection an uncursed scroll of genocide an uncursed scroll of gold detection a cursed scroll of gold detection an uncursed scroll of identify an uncursed scroll of light an uncursed scroll of magic mapping 2 uncursed scrolls of remove curse a cursed scroll of taming an uncursed scroll of teleportation a cursed spellbook of detect food a cursed potion of booze an uncursed potion of confusion a blessed potion of extra healing an uncursed potion of full healing a cursed potion of full healing 2 uncursed potions of gain energy an uncursed potion of healing an uncursed potion of invisibility an uncursed potion of levitation an uncursed potion of monster detection a cursed potion of monster detection a cursed potion of object detection an uncursed potion of paralysis an uncursed potion of restore ability a cursed potion of restore ability a cursed potion of see invisible 2 uncursed potions of speed 2 potions of holy water 3 uncursed potions of water a potion of unholy water a cursed ring of aggravate monster an uncursed ring of cold resistance an uncursed ring of cold resistance a cursed ring of cold resistance an uncursed ring of polymorph control an uncursed ring of regeneration an uncursed ring of regeneration an uncursed ring of searching an uncursed wand of create monster (0:14) an uncursed wand of create monster (0:11) an uncursed wand of digging (0:5) an uncursed wand of digging (0:5) a cursed wand of digging (0:3) an uncursed wand of enlightenment (0:11) an uncursed wand of lightning (0:1) an uncursed wand of magic missile (0:5) an uncursed wand of magic missile (0:5) an uncursed wand of make invisible (0:6) an uncursed wand of secret door detection (0:10) an uncursed wand of sleep (0:5) an uncursed wand of speed monster (0:1) an uncursed wand of teleportation (0:4) an uncursed magic marker (0:59) an uncursed +0 pick-axe Finitelycraig the Valkyrie's attributes: Background: You were a Woman-at-arms, a level 10 dwarven Valkyrie. You were lawful, on a mission for Tyr who was opposed by Odin (neutral) and Loki (chaotic). You were in the Dungeons of Doom, on level 22. You entered the dungeon 15093 turns ago. It was nighttime. There was a new moon in effect when your adventure ended. You had 7935 experience points, 2065 more were needed to attain level 11. Basics: You had 0 out of 99 hit points. You had all 13 energy points (spell power). Your armor class was -2. Your wallet was empty. Autopickup was on for '$?!"=/*', with exceptions. Final Characteristics: Your strength was 18/06 (limit:18/100). Your dexterity was 14 (base:15, limit:20). Your constitution was 18 (limit:20). Your intelligence was 11 (limit:16). Your wisdom was 11 (limit:16). Your charisma was 8 (limit:16). Final Status: You were hallucinating. You had wounded legs. You were not hungry. You were burdened; movement was slightly slowed. You were wielding a long sword. You were skilled in long sword and could have enhanced that. Final Attributes: You were piously aligned. You were cold resistant. You were level-drain resistant. You were telepathic. You had automatic searching. You had infravision. You were stealthy. You were guarded. You were fast. You had reflection. You are dead. Miscellaneous: You disabled loading of bones levels. Total elapsed playing time was 3 hours, 33 minutes and 34 seconds. Vanquished creatures: a nurse an ettin a vampire a ghost 3 giant mimics a zruty an ice troll 2 elven monarchs a stalker 2 hill giants a giant mummy 4 small mimics a xan a quantum mechanic a troll a pyrolisk 2 large dogs 2 freezing spheres 2 shocking spheres a large cat a tiger 2 gargoyles a dwarf ruler a tengu a leocrotta a wraith a carnivorous ape an amorous demon a chameleon 3 giant beetles a quivering blob a gremlin 35 leprechauns an orc-captain 3 giant spiders 2 scorpions 2 black lights a vampire bat a forest centaur a dwarf mummy an ogre an owlbear a yeti a gold golem 2 lizards a dingo 4 dogs a housecat a jaguar a dwarf leader 3 blue jellies 2 plains centaurs a snake a human zombie a rope golem a soldier ant a fire ant 4 bugbears an imp 2 Mordor orcs 5 Uruk-hai an orc shaman 3 rock piercers a rock mole a pony a fog cloud 4 yellow lights a shrieker 2 violet fungi 6 gnome leaders 7 gnomish wizards a kobold mummy 2 gray oozes 4 paper golems 5 giant ants a little dog 6 floating eyes 3 kittens a dwarf 2 homunculi a kobold leader 2 kobold shamans 13 hill orcs 15 rothes a rabid rat 2 giant bats 5 orc zombies 3 wererats a werejackal 5 iguanas 4 acid blobs a coyote 4 gas spores 4 hobbits 5 manes 2 large kobolds 12 hobgoblins 3 giant rats 8 cave spiders 3 yellow molds a red mold 16 gnomes a garter snake a gnome zombie 5 geckos 9 jackals a fox 3 kobolds 6 goblins 4 sewer rats 9 grid bugs 6 lichens 2 kobold zombies 15 newts 352 creatures vanquished. No species were genocided or became extinct. Voluntary challenges: You read items or engraved 21 times. You engraved Elbereth 9 times. You never genocided any monsters. You never polymorphed an object. You never changed form. You used no wishes. You violated the special Sokoban rules twice. Achievements: You entered a shop. You entered the Gnomish Mines. You attained the rank of Skirmisher. You entered Minetown. You entered a temple. You attained the rank of Fighter. You entered Sokoban. You completed Sokoban. You attained the rank of Woman-at-arms. The Dungeons of Doom: levels 1 to 22 Level 1: Level 2: Level 3: A general store. Stairs down to The Gnomish Mines. Level 4: A general store. Level 5: Level 6: Level 7: "vault" An altar to Tyr. Level 8: Some fountains. Oracle of Delphi. Level 9: "vault" A fountain. Stairs up to Sokoban, level 8. Level 10: A fountain. Level 11: Level 12: A fountain. Level 13: An armor shop, an altar. Level 14: Summoned by the Norn. Level 15: A primitive area. Level 16: A potion shop. Level 17: Level 18: A grave. Level 19: Level 20: A temple. Level 21: Some altars. Level 22: <- You were here. An altar. Final resting place for you, killed by a hallucinogen-distorted baluchitherium, while praying. The Gnomish Mines: levels 4 to 7 Level 4: Level 5: Level 6: Many shops, a temple, some fountains. Level 7: Sokoban: levels 8 up to 5 Level 5: Solved. Level 6: Solved. Level 7: Solved. Level 8: Unsolved. Game over: ---------- / \ / REST \ / IN \ / PEACE \ / \ | finitelycraig | | 13127 Au | | killed by a | | hallucinogen-dis | | torted | | baluchitherium | | 2022 | *| * * * | * _________)/\\_//(\/(/\)/\//\/|_)_______ Farvel finitelycraig the Valkyrie... You died in The Dungeons of Doom on dungeon level 22 with 48847 points, and 13127 pieces of gold, after 15093 moves. You were level 10 with a maximum of 99 hit points when you died.